 Dungeon Crawl Stone Soup version 0.23.0 (webtiles) character file.

Game seed: 9940793776787780783

67 Morgius the Magician (level 3, -1/25 HPs)
             Began as a Mummy Wizard on Feb 13, 2019.
             Slain by a leopard gecko (2 damage)
             ... on level 2 of the Dungeon.
             The game lasted 00:04:35 (1014 turns).

Morgius the Magician (Mummy Wizard)                 Turns: 1014, Time: 00:04:35

Health: -1/25      AC:  3    Str: 10    XL:     3   Next: 98%
Magic:  4/8        EV:  9    Int: 18    God:
Gold:   39         SH:  0    Dex: 10    Spells: 7/10 levels left

rFire    x . .     SeeInvis .   f - +1 dagger (drain)
rCold    + . .     Gourm    .   (no shield)
rNeg     + + +     Faith    .   a - +0 robe
rPois    ∞         Spirit   .   b - +0 hat
rElec    .         Reflect  .   (no cloak)
rCorr    .         Harm     .   (no gloves)
MR       .....                  i - +0 pair of boots
Stlth    ++........             (no amulet)
HPRegen  0.08/turn              (no ring)
MPRegen  0.11/turn              (no ring)

@: constricted
A: no food or potions, fire vulnerability, cold resistance 1, negative energy
resistance 3, torment resistance, unbreathing
a: no special abilities


You were on level 2 of the Dungeon.
You were not hungry.

You visited 1 branch of the dungeon, and saw 2 of its levels.

You collected 39 gold pieces.

Inventory:

Hand Weapons
 f - a +1 dagger of draining (weapon)
Armour
 a - a +0 robe (worn)
 b - a +0 hat (worn)
 i - a +0 pair of boots (worn)
 l - a cursed +0 pair of gloves
Scrolls
 c - a scroll of remove curse {unknown}
 d - a scroll of fear {unknown}
 g - a scroll of enchant weapon {unknown}
 h - 3 scrolls of enchant armour {unknown}
 j - a scroll of amnesia {unknown}
 k - a scroll of identify {unknown}
Potions
 e - 2 potions of curing {unknown}


   Skills:
 - Level 0.4 Fighting
 - Level 1.5 Dodging
 - Level 1.5 Stealth
 - Level 4.0 Spellcasting
 + Level 3.1 Conjurations
 - Level 0.7 Summonings
   Level 0.7 Translocations


You had 7 spell levels left.
You knew the following spells:

 Your Spells              Type           Power        Failure   Level  Hunger
a - Magic Dart            Conj           ##..         4%          1    N/A
b - Call Imp              Summ           #.......     17%         2    N/A

Your spell library contained the following spells:

 Spells                   Type           Power        Failure   Level  Hunger
 Blink                    Tloc           N/A          17%         2    N/A
 Slow                     Hex            #.......     22%         2    N/A
 Conjure Flame            Conj/Fire      #.......     24%         3    N/A
 Mephitic Cloud           Conj/Pois/Air  #.......     28%         3    N/A

Dungeon Overview and Level Annotations

Branches:
Dungeon (2/15)

Altars:


Innate Abilities, Weirdness & Mutations

You do not eat or drink.
Your flesh is vulnerable to fire.
You are immune to poison.
Your flesh is cold resistant. (rC+)
You are immune to negative energy. (rN+++)
You are immune to unholy pain and torment.
You can survive without breathing.


Message History

There is a stone staircase leading down here.
The hobgoblin hits you but does no damage.
You climb downwards.
The ball python closely misses you. x2
The leopard gecko closely misses you.
There is a stone staircase leading up here.
You can't go down here!
The ball python barely misses you. The ball python closely misses you.
The leopard gecko bites you but does no damage.
The ball python barely misses you. The ball python grabs you.
You stop ascending the stairs.
* * * LOW HITPOINT WARNING * * *
The ball python constricts you. The hobgoblin hits you.
* * * LOW HITPOINT WARNING * * *
Unknown command.
You completely miss the leopard gecko. The leopard gecko barely misses you.
The ball python bites you but does no damage.
The ball python constricts you. The hobgoblin hits you.
* * * LOW HITPOINT WARNING * * *
The leopard gecko bites you.
You die...

#......# . .. #.
#......#.. ... #.
##........ #.#
#.....#..
####.####.....#
#.............#
#......g......#
#.....lg......#
#.....@..........
#......S......###
#........######
#........#
##########


You could see a leopard gecko, a hobgoblin, a goblin and a ball python.

Vanquished Creatures
  3 adders (D:2)
  An ooze (D:1)
  A dart slug (D:1)
  A ball python (D:1)
  2 giant cockroaches
  5 goblins (D:1)
  5 hobgoblins
  3 jackals (D:2)
  2 bats
  A frilled lizard (D:1)
  5 kobolds
  2 rats (D:1)
31 creatures vanquished.

Vanquished Creatures (collateral kills)
  A frilled lizard (D:2)
1 creature vanquished.

Grand Total: 32 creatures vanquished

Notes
Turn   | Place    | Note
-------+----------+-------------------------------------------
     0 | D:1      | Morgius the Mummy Wizard began the quest for the Orb.
     0 | D:1      | Reached XP level 1. HP: 13/13 MP: 5/5
    75 | D:1      | Reached skill level 1 in Conjurations
   137 | D:1      | Reached XP level 2. HP: 20/20 MP: 1/7
   673 | D:1      | Learned a level 2 spell: Call Imp
   696 | D:2      | Reached XP level 3. HP: 25/25 MP: 4/8
  1014 | D:2      | HP: 1/25 [hobgoblin (2)]
  1014 | D:2      | Slain by a leopard gecko

Skill      XL: |  1  2  3 |
---------------+----------+-----
Conjurations   | 1 2 3 |  3.1
Fighting       | |  0.4
Dodging        | |  1.5
Stealth        | |  1.5
Spellcasting   | |  4.0
Summonings     | |  0.7
Translocations | |  0.7

Action                   || total
-------------------------++-------
Melee: Dagger            ||    42
 Cast: Magic Dart        ||    50
       Call Imp          ||     1
Armor: Robe              ||    14
Dodge: Dodged            ||    53
